 Dungeon Sprint DCSS version 0.30.1-4-g462c640d31 (webtiles) character file.

Game seed: 17877088359999033880

5655 Heoruswealwe the Ninja (level 10, 0/53 HPs)
             Began as a Spriggan Artificer on Sept 18, 2023.
             Was an Initiate of Gozag.
             Shot with an arrow by a centaur warrior (21 damage)
             ... in the Dungeon (Sprint I: "Red Sonja").
             The game lasted 00:10:48 (458 turns).

Heoruswealwe the Ninja (Spriggan Artificer)          Turns: 458, Time: 00:10:48

Health: 0/53       AC:  2    Str:  8    XL:     10   Next: 46%
Magic:  11/11      EV: 32    Int: 13    God:    Gozag
Gold:   275        SH:  0    Dex: 20    Spells: 9/9 levels left

rFire   . . .        a - +1 dagger (elec)
rCold   . . .        (no shield)
rNeg    . . .        c - +0 robe
rPois   .            (helmet restricted)
rElec   .            (no cloak)
rCorr   .            (gloves unavailable)
SInv    +            (boots unavailable)
Will    +....        (no amulet)
Stlth   ++++++++++   (no ring)
HPRegen 0.28/turn    (no ring)
MPRegen 0.12/turn

%: no teleportation
@: gold aura, very quick
A: very small, no large weapons, unfitting armour, see invisible, speed 3
a: Renounce Religion, Potion Petition, Call Merchant, Bribe Branch


You were in the Dungeon.
You worshipped Gozag.
Gozag was aware of your devotion.
You visited 1 branch You collected 931 gold pieces.
You spent 626 gold pieces at shops.
You donated 30 gold pieces to Zin.

Inventory:

Hand Weapons
 a - a +1 dagger of electrocution (weapon)
Armour
 c - a +0 robe (worn)
Jewellery
 t - an amulet of guardian spirit
Wands
 b - a wand of flame (15) (quivered)
 d - a wand of charming (15)
 e - a wand of iceblast (3)
 l - a wand of paralysis (9)
 q - a wand of polymorph (9)
 s - a wand of mindburst (17)
Scrolls
 j - a scroll of amnesia {unknown}
 k - a scroll of blinking
 n - 4 scrolls of identify {unknown}
 r - a scroll of enchant armour {unknown}
Potions
 f - 7 potions of curing
 h - 2 potions of haste
 i - 2 potions of attraction {unknown}
 m - 2 potions of lignification {unknown}
 o - a potion of brilliance {unknown}
 p - a potion of mutation {unknown}


   Skills:
 - Level 6.6 Fighting
 - Level 8.5 Short Blades
 + Level 16.6 Dodging
 O Level 27 Stealth
 - Level 4.0 Evocations


You had 9 spell levels left.
You didn't know any spells.
Your spell library contained the following spells:

 Spells                   Type           Power      Damage    Failure   Level
 Inner Flame              Hex/Fire       0%         N/A       67%         3
 Flame Wave               Conj/Fire      0%         2d4       97%         4
 Sticky Flame             Conj/Fire      0%         2d3       97%         4


Dungeon Overview and Level Annotations

Branches:
Dungeon (1/1)

Altars:
Cheibriados
Dithmenos
Elyvilon
Fedhas
Gozag
Hepliaklqana
Kikubaaqudgha
Nemelex Xobeh
Okawaru
Qazlal
Ru
Sif Muna
Trog
Uskayaw
Vehumet
Wu Jian
Yredelemnul
Zin
The Shining One

Shops:
D !([*:*[


Innate Abilities, Weirdness & Mutations

You are very small and have problems with some larger weapons.
You are too small for most types of armour.
You have supernaturally acute eyesight. (SInv)
You cover ground extremely quickly. (Speed+++)


Message History

There is an entrance to Miedaqiz's Distillery here.
f - 5 potions of curing (gained 1)
You no longer have enough gold to petition Gozag for potion effects.
h - 2 potions of haste (gained 1);
f - 6 potions of curing (gained 1)
f - 7 potions of curing (gained 1) Thank you for shopping at Miedaqiz's Distillery!
There is a huge open gate here.
There is a huge open gate here.
There is an open door here.
There is an open door here.
There is an open door here.
You open the door.
Found 4 gold pieces.
A centaur warrior comes into view.
A centaur warrior comes into view.
Found a scroll labelled GULOXO MOTEEMA.
There is an open door here.
You enter the shallow water.
Moving in this stuff is going to be slow.
The centaur warrior shouts! x2
The centaur warrior wields a +0 shortbow.
The centaur warrior shoots an arrow.
The arrow hits you!!
The centaur warrior attacks as you move away!
The centaur warrior misses you. x3
The centaur warrior completely misses you.
There is an open door here.
Aiming: Paralyse
Press: ? - help, Shift-Dir - straight line, f - centaur warrior
Aim: a centaur warrior (purple smoke, chance to affect: 41%)
The centaur warrior suddenly stops moving!
The helpless centaur warrior fails to defend itself.
You skewer the centaur warrior like a kebab!!!!!
You kill the centaur warrior!
The centaur warrior shoots an arrow.
The arrow hits you!!
Ouch! That really hurt!
* * * LOW HITPOINT WARNING * * *
Your Dodging skill increases to level 16!
You feel much better.
The centaur warrior shoots an arrow.
The arrow hits you!!
You die...
Your body crumbles into a pile of gold.

<.#..'..#.)'..# $$ $$
..').#.)'..#..+ $$ $
..#####'#####'# ### $
..####..#...#.####§§# $
$
..#__####..##[#~~§§.#$$
$ ..#_____##'#_.+§§§.§+
$
⌠⌠#_.∩...'..._#~c§§.#$$
$ ###_..__##_.#'##§####
$$#_____###'#.#)@.(###
$
###########.####'###.##
$
∩........'...'.....'(∩#
$
##''''####.).##########
$ $$ $ .......####.###
$


$$$$ ........#.#'#.# $ $$$$ ..#.....#.....# $$$$ ........#..)..# $$$
.....#..####### You could see a centaur warrior.

Vanquished Creatures
  A centaur warrior (D)
  Sonja (D)
  A deep troll (D)
  8 shining eyes (D)
  Sigmund (D)
  A yak (D)
  4 floating eyes (D)
  An ogre (D)
  A jelly (D)
  Ijyb (D)
  A ballistomycete spore (D)
21 creatures vanquished.

Vanquished Creatures (others)
  A ballistomycete spore (D)
1 creature vanquished.

Grand Total: 22 creatures vanquished

Notes
Turn   | Place    | Note
-------+----------+-------------------------------------------
     0 | D        | Heoruswealwe the Spriggan Artificer began the quest for the
                  | Orb.
     0 | D        | Reached XP level 1. HP: 9/9 MP: 2/2
     1 | D        | Noticed Ijyb
     3 | D        | Killed Ijyb
     4 | D        | Reached skill level 9 in Stealth
     4 | D        | Reached XP level 2. HP: 14/14 MP: 3/3
    13 | D        | Noticed an ogre
    16 | D        | Killed an ogre
    17 | D        | Reached skill level 14 in Stealth
    17 | D        | Reached XP level 3. HP: 17/17 MP: 4/4
    17 | D        | Reached XP level 4. HP: 21/21 MP: 5/5
    25 | D        | Noticed Sigmund
    28 | D        | Killed Sigmund
    29 | D        | Reached skill level 18 in Stealth
    29 | D        | Reached XP level 5. HP: 25/25 MP: 6/6
    29 | D        | Reached XP level 6. HP: 29/29 MP: 7/7
    40 | D        | Found an ornate altar of the Wu Jian Council.
    40 | D        | Found a shimmering blue altar of Sif Muna.
    42 | D        | Found a radiant altar of Vehumet.
    47 | D        | Reached skill level 19 in Stealth
    75 | D        | Found Anlac's Assorted Antiques.
    75 | D        | Found an ancient bone altar of Kikubaaqudgha.
    75 | D        | Found a hazy altar of Hepliaklqana.
    75 | D        | Found a stormy altar of Qazlal.
    75 | D        | Found a hide-covered altar of Uskayaw.
    75 | D        | Found a blossoming altar of Fedhas.
    75 | D        | Found a bloodstained altar of Trog.
    75 | D        | Found an iron altar of Okawaru.
    75 | D        | Found a basalt altar of Yredelemnul.
    75 | D        | Found a glowing golden altar of the Shining One.
    75 | D        | Found a snail-covered altar of Cheibriados.
    75 | D        | Found a sacrificial altar of Ru.
    75 | D        | Found a glowing silver altar of Zin.
    75 | D        | Found a shadowy altar of Dithmenos.
    75 | D        | Found a white marble altar of Elyvilon.
    75 | D        | Noticed a yak
    76 | D        | Found an opulent altar of Gozag.
    77 | D        | Killed a yak
    78 | D        | Reached skill level 21 in Stealth
    78 | D        | Found a sparkling altar of Nemelex Xobeh.
    83 | D        | Became a worshipper of Zin the Law-Giver
    83 | D        | Reached * piety under Zin
    83 | D        | Reached ** piety under Zin
    83 | D        | Reached *** piety under Zin
    83 | D        | Reached **** piety under Zin
    83 | D        | Reached ***** piety under Zin
    83 | D        | Reached ****** piety under Zin
    86 | D        | Bought 2 smoky golden potions for 52 gold pieces
    86 | D        | Bought a scroll labelled PEUPLAMNAORY for 29 gold pieces
    86 | D        | Bought a scroll labelled GULOXO MOTEEMA for 29 gold pieces
    86 | D        | Bought a smoky dark potion for 26 gold pieces
    86 | D        | Bought a scroll labelled GULOXO MOTEEMA for 29 gold pieces
    86 | D        | Bought a potion of curing for 87 gold pieces
    92 | D        | Noticed Sonja
    96 | D        | Killed Sonja
    97 | D        | Reached skill level 25 in Stealth
    97 | D        | Reached XP level 7. HP: 32/32 MP: 8/8
   113 | D        | Found Miedaqiz's Distillery.
   124 | D        | Noticed a shining eye
   124 | D        | Noticed a shining eye
   124 | D        | Noticed a shining eye
   124 | D        | Noticed a shining eye
   124 | D        | Noticed a shining eye
   124 | D        | Noticed a shining eye
   127 | D        | Reached skill level 1 in Fighting
   127 | D        | Reached skill level 1 in Short Blades
   127 | D        | Reached XP level 8. HP: 37/37 MP: 9/9
   127 | D        | Noticed a shining eye
   127 | D        | Noticed a shining eye
   133 | D        | Reached skill level 5 in Dodging
   140 | D        | Killed a shining eye
   141 | D        | Reached skill level 5 in Short Blades
   145 | D        | Killed a shining eye
   146 | D        | Reached skill level 26 in Stealth
   146 | D        | Reached XP level 9. HP: 46/46 MP: 10/10
   167 | D        | Killed a shining eye
   168 | D        | Reached skill level 5 in Fighting
   175 | D        | Killed a shining eye
   187 | D        | Killed a shining eye
   188 | D        | Reached skill level 10 in Dodging
   206 | D        | Killed a shining eye
   207 | D        | Reached skill level 27 in Stealth
   222 | D        | Killed a shining eye
   223 | D        | Reached XP level 10. HP: 53/53 MP: 11/11
   238 | D        | Killed a shining eye
   249 | D        | Fell from the grace of Zin
   249 | D        | Became a worshipper of Gozag Ym Sagoz the Greedy
   257 | D        | Noticed a deep troll
   261 | D        | Killed a deep troll
   262 | D        | Reached skill level 15 in Dodging
   272 | D        | Found Bamysarr's Armour Emporium.
   346 | D        | Found Qut Biz's Weapon Shoppe.
   346 | D        | Found Weupyop's Book Shop.
   346 | D        | Found Fipp's Armour Emporium.
   346 | D        | Found Zumod's Assorted Antiques.
   359 | D        | Bought a scroll labelled GULOXO MOTEEMA for 21 gold pieces
   359 | D        | Bought a sedimented clear potion for 18 gold pieces
   405 | D        | Bought a triangular platinum amulet for 145 gold pieces
   423 | D        | Bought a potion of curing for 30 gold pieces
   423 | D        | Bought a potion of haste for 100 gold pieces
   423 | D        | Bought a potion of curing for 30 gold pieces
   423 | D        | Bought a potion of curing for 30 gold pieces
   452 | D        | Noticed a centaur warrior
   452 | D        | Noticed a centaur warrior
   457 | D        | Killed a centaur warrior
   458 | D        | Shot with an arrow by a centaur warrior

Illustrated notes

Levels and vault maps discovered:
D:        dungeon_sprint_1 [red_sonja_temple_1, red_sonja_temple_small_1]

Skill      XL: |  1  2  3  4  5  6  7  8  9 10 |
---------------+-------------------------------+-----
Stealth        | 9 14 18 25 26 27 | 27.0
Fighting       | 1 4 6 |  6.6
Short Blades   | 1 6 8 |  8.5
Dodging        | 8 12 16 | 16.6
Evocations     | |  4.0

Action                     |  1- 3 |  4- 6 |  7- 9 | 10-12 || total
---------------------------+-------+-------+-------+-------++-------
  Melee: Dagger            |     1 |     4 |    68 |    18 ||    91
         Punch             |       |       |     1 |       ||     1
  Evoke: Wand              |     2 |       |       |     1 ||     3
    Use: Potion            |       |       |       |     1 ||     1
   Stab: Sleeping          |     1 |     4 |     6 |     2 ||    13
         Paralysed         |       |       |       |     1 ||     1
  Dodge: Dodged            |       |       |       |     4 ||     4
